 Dungeon Crawl Stone Soup version 0.32-a0-765-gfba4d74c8c (webtiles) character file.

Game seed: 5240611149096232100

3569 Regoshi the Nimble (level 10, -3/53 HPs)
             Began as a Tengu Gladiator on Mar 18, 2024.
             Was a Believer of Dithmenos.
             Slain by a two-headed ogre
             ... wielding a +0 dire flail
              (27 damage)
             ... on level 8 of the Dungeon.
             The game lasted 00:11:37 (8864 turns).

Regoshi the Nimble (Tengu Gladiator)                Turns: 8864, Time: 00:11:38

Health: -3/53      AC:  3    Str: 14    XL:     10   Next: 9%
Magic:  11/11      EV: 21    Int:  9    God:    Dithmenos [**....]
Gold:   1386       SH:  0    Dex: 20    Spells: 9/9 levels left

rFire   . . .        r - -1 quick blade
rCold   . . .        (no shield)
rNeg    . . .        b - +0 leather armour
rPois   +            c - +0 hat
rElec   .            (no cloak)
rCorr   .            (no gloves)
SInv    .            (boots unavailable)
Will    .....        (no amulet)
Stlth   ++++         k - ring of poison resistance
HPRegen 0.28/turn    (no ring)
MPRegen 0.12/turn

%: acrobat
@: flying, wreathed by umbra
A: beak, talons 3, evasive flight, acrobatic
a: Renounce Religion, Shadow Step


You were on level 8 of the Dungeon.
You worshipped Dithmenos.
Dithmenos was pleased with you.
You visited 2 branches of the dungeon, and saw 10 of its levels.

You collected 1596 gold pieces.
You spent 210 gold pieces at shops.

Inventory:

Hand Weapons
 a - a +0 long sword of chaos
 r - a -1 quick blade (weapon)
 s - a -2 demon blade
Missiles
 D - a javelin
Armour
 b - a +0 leather armour (worn)
 c - a +0 hat (worn)
 j - a +2 pair of gloves
 o - a +0 cloak
 x - a +2 cloak of poison resistance
Jewellery
 d - a ring of fire
 k - a ring of poison resistance (left hand)
Wands
 n - a wand of digging (5)
 p - a wand of mindburst (2) (quivered)
 w - a wand of roots (6)
Scrolls
 q - 2 scrolls of teleportation
 t - 3 scrolls of fog
 v - 2 scrolls of amnesia
 y - a scroll of brand weapon
 A - a scroll of vulnerability
 B - 2 scrolls of immolation {unknown}
 C - a scroll of identify
Potions
 e - a potion of haste {unknown}
 f - 2 potions of degeneration
 g - 4 potions of brilliance
 h - 4 potions of mutation
 i - a potion of heal wounds {unknown}
 l - 2 potions of ambrosia {unknown}
 m - a potion of curing {unknown}
 u - 3 potions of attraction {unknown}
 z - a potion of might {unknown}


   Skills:
 - Level 2.0 Fighting
 + Level 8.0(9.2) Short Blades
 - Level 7.0(8.7) Long Blades
 - Level 2.0 Throwing
 - Level 10.0 Dodging
 + Level 6.9 Stealth


You had 9 spell levels left.
You didn't know any spells.
Your spell library contained the following spells:

 Spells                   Type           Power      Damage    Failure   Level
 Sandblast                Erth           0%         2d4       45%         1
 Ensorcelled Hibernation  Hex/Ice        0%         N/A       61%         2
 Mercury Vapours          Alch/Air       0%         N/A       61%         2
 Fugue of the Fallen      Necr           0%         N/A       83%         3
 Hailstorm                Conj/Ice       0%         3d5       83%         3
 Mephitic Cloud           Conj/Alch/Air  0%         N/A       83%         3
 Stone Arrow              Conj/Erth      0%         3d7       83%         3
 Summon Ice Beast         Ice/Summ       0%         N/A       83%         3
 Anguish                  Hex/Necr       0%         N/A       99%         4
 Brom's Barrelling Bould  Conj/Erth      0%         2d3       99%         4
 Freezing Cloud           Conj/Ice/Air   0%         6-21      100%        5
 Iskenderun's Battlesphe  Conj           0%         2d6       100%        5
 Bombard                  Conj/Erth      0%         9d1       100%        6
 Permafrost Eruption      Ice/Erth       0%         2x4d2     100%        6
 Sculpt Simulacrum        Ice/Alch       0%         N/A       100%        6
 Spellforged Servitor     Conj/Summ      0%         N/A       100%        7
 Chain Lightning          Conj/Air       0%         N/A       100%        9
 Fire Storm               Conj/Fire      0%         5d1       100%        9
 Shatter                  Erth           0%         3d5*      100%        9


Dungeon Overview and Level Annotations

Branches:
Dungeon (9/15)             Temple (1/1) D:5
   Lair: D:8-11         Orc: D:9-12

Altars:
Ashenzari
Dithmenos
Elyvilon
Gozag
Hepliaklqana
Kikubaaqudgha
Makhleb
Nemelex Xobeh
Okawaru
Qazlal
Ru
Sif Muna
Trog
Uskayaw
Vehumet
Xom
Yredelemnul
The Shining One

Shops:
D:4 *

Annotations:
D:3 2 runed translucent doors, topfpfpflanze's ghost, amateur OpEE


Innate Abilities, Weirdness & Mutations

You have a beak for a mouth.
You have claws for feet.
Your magical flight helps you evade attacks. (EV +4)
You can magically evade attacks while moving or waiting.


Message History

There is a stone staircase leading down here.
Aiming: Mindburst
Press: ? - help, Q - select action, (/) - cycle Shift-Dir - straight line, f - two-headed ogre
Aim: a two-headed ogre, wielding a +0 dire flail and a +0 giant club (umbra, chance to affect: 47%)
The two-headed ogre resists with some effort.
The two-headed ogre misses you. x2
Aiming: Mindburst
Press: ? - help, Q - select action, (/) - cycle Shift-Dir - straight line, f/p - two-headed ogre
Aim: a two-headed ogre, wielding a +0 dire flail and a +0 giant club (umbra, chance to affect: 47%)
The two-headed ogre resists with some effort.
The two-headed ogre closely misses you.
The two-headed ogre hits you with a +0 giant club!
Aiming: Mindburst
Press: ? - help, Q - select action, (/) - cycle Shift-Dir - straight line, f/p - two-headed ogre
Aim: a two-headed ogre, wielding a +0 dire flail and a +0 giant club (umbra, chance to affect: 47%)
The two-headed ogre's minds are blasted!
Aiming: Mindburst
Press: ? - help, Q - select action, (/) - cycle Shift-Dir - straight line, f/p - two-headed ogre
Aim: a two-headed ogre, wielding a +0 dire flail and a +0 giant club (moderately wounded, umbra, chance to affect: 47%)
The two-headed ogre's minds are blasted!
The two-headed ogre closely misses you.
The two-headed ogre completely misses you.
Aiming: Mindburst
Press: ? - help, Q - select action, (/) - cycle Shift-Dir - straight line, f/p - two-headed ogre
Aim: a two-headed ogre, wielding a +0 dire flail and a +0 giant club (heavily wounded, umbra, chance to affect: 47%)
The two-headed ogre resists with some effort.
The two-headed ogre hits you with a +0 dire flail!!
The two-headed ogre misses you.
Aiming: Mindburst
Press: ? - help, Q - select action, (/) - cycle Shift-Dir - straight line, f/p - two-headed ogre
Aim: a two-headed ogre, wielding a +0 dire flail and a +0 giant club (heavily wounded, umbra, chance to affect: 47%)
The two-headed ogre resists with some effort.
Aiming: Mindburst
Press: ? - help, Q - select action, (/) - cycle Shift-Dir - straight line, f/p - two-headed ogre
Aim: a two-headed ogre, wielding a +0 dire flail and a +0 giant club (heavily wounded, umbra, chance to affect: 47%)
The two-headed ogre resists with some effort.
The two-headed ogre misses you.
The two-headed ogre hits you with a +0 giant club!!
Ouch! That really hurt!
You die...

..^^^...)..#)#.# #.# #......# #
#.^_^.<###.#.#.####.####......# #
..^.^..# #.#.#.##......#......# #
#......###.#.#.##......##########
...........#.#.##..............##
.#####.#####........###..........
.# #.#.#####)#....# #....._....
.# #.#.......#.O..# #....P.....
######.#.####..#@...# #..........
.......#....#..#....###..........
............#..+....'....).......
.####.###......#....######.......
.# #.........##....# #....... .#
#.###.##.###....# #...####
.####.#....#.# #....# #...#
....#.#.#..#.# ###### #...#
.##.#.#.#..#.# ###+#####


You could see a two-headed ogre.

Vanquished Creatures
  The ghost of YordlordTheGreat the Ruffian, an amateur DrSh (D:7)
  A wyvern (D:8)
  2 steam dragons
  Menkaure (D:6)
  2 water moccasins
  Edmund (D:4)
  2 orc warriors
  2 ice beasts (D:6)
  3 ogres
  2 centaurs
  A gnoll sergeant (D:5)
  A kobold brigand (D:8)
  4 scorpions
  12 wights (D:8)
  A howler monkey (D:6)
  A bombardier beetle (D:6)
  3 jellies
  2 orc priests
  6 iguanas
  6 orc wizards
  Robin (D:4)
  4 gnolls
  7 adders
  A shadow imp (D:8)
  A white imp (D:8)
  2 dart slugs
  A ribbon worm (D:3)
  17 orcs
  8 endoplasms
  3 giant cockroaches
  15 hobgoblins
  10 jackals
  6 kobolds
  3 quokkas (D:1)
  3 ball pythons
  3 bats (D:1)
  7 frilled lizards
  18 goblins
  6 rats
170 creatures vanquished.

Notes
Turn   | Place    | Note
-------+----------+-------------------------------------------
     0 | D:1      | Regoshi the Tengu Gladiator began the quest for the Orb.
     0 | D:1      | Reached XP level 1. HP: 12/12 MP: 2/2
    78 | D:1      | Reached XP level 2. HP: 15/17 MP: 3/3
   354 | D:1      | Reached XP level 3. HP: 21/21 MP: 4/4
   872 | D:2      | Reached skill level 5 in Long Blades
  1143 | D:2      | Reached XP level 4. HP: 19/26 MP: 5/5
  1626 | D:3      | Found a large runed translucent door.
  1626 | D:3      | Found a large runed translucent door.
  1629 | D:3      | Noticed topfpfpflanze's ghost (amateur OpEE)
  1923 | D:3      | Found a sacrificial altar of Ru.
  2297 | D:4      | Found Feqyesi's Lightly-Used Armoury.
  2317 | D:4      | Bought a -2 demon blade for 70 gold pieces
  2354 | D:4      | Reached XP level 5. HP: 30/30 MP: 6/6
  2355 | D:4      | Identified a scroll of acquirement
  2355 | D:4      | Acquired 1053 gold pieces
  2548 | D:4      | Noticed Edmund
  2560 | D:4      | Killed Edmund
  2561 | D:4      | Reached XP level 6. HP: 20/35 MP: 7/7
  2567 | D:4      | Noticed Robin
  2589 | D:4      | Killed Robin
  2590 | D:4      | Reached skill level 4 in Dodging
  2673 | D:4      | Identified the +2 whip "Yrour" {flame, Int+3}
  2927 | D:5      | Entered Level 5 of the Dungeon
  2933 | D:5      | Found a staircase to the Ecumenical Temple.
  3150 | D:4      | Bought a -1 quick blade for 140 gold pieces
  3177 | D:5      | Reached skill level 1 in Short Blades
  3177 | D:5      | Reached skill level 5 in Dodging
  3383 | D:5      | Gained mutation: Your magical flight helps you evade
                  | attacks. (EV +4) [Tengu growth]
  3383 | D:5      | Reached XP level 7. HP: 39/40 MP: 8/8
  3666 | D:5      | Reached skill level 6 in Dodging
  4052 | Temple   | Entered the Ecumenical Temple
  4084 | Temple   | Became a worshipper of Dithmenos the Shadowed
  4328 | D:5      | Found a broken altar of Ashenzari.
  4717 | D:6      | Reached skill level 7 in Dodging
  4717 | D:6      | Reached skill level 1 in Stealth
  4717 | D:6      | Reached XP level 8. HP: 40/44 MP: 9/9
  5000 | D:6      | Noticed Menkaure
  5012 | D:6      | Killed Menkaure
  5219 | D:6      | Found a sparkling altar of Nemelex Xobeh.
  5342 | D:6      | Reached skill level 8 in Dodging
  5917 | D:7      | Reached skill level 5 in Short Blades
  5917 | D:7      | Reached XP level 9. HP: 42/48 MP: 10/10
  5950 | D:7      | Found a stormy altar of Qazlal.
  5992 | D:7      | Noticed YordlordTheGreat's ghost (amateur DrSh)
  5995 | D:7      | Found a runed translucent door.
  6021 | D:7      | Reached skill level 9 in Dodging
  6306 | D:7      | Found a white marble altar of Elyvilon.
  6473 | D:7      | Reached * piety under Dithmenos
  6537 | D:7      | Found an opulent altar of Gozag.
  6694 | D:7      | HP: 2/48 [YordlordTheGreat's ghost (7)]
  6699 | D:7      | Killed YordlordTheGreat's ghost
  7030 | D:8      | Found a shimmering altar of Xom.
  7086 | D:8      | Reached skill level 10 in Dodging
  7086 | D:8      | Reached skill level 5 in Stealth
  7379 | D:8      | HP: 2/46 [wight/+0 falchion (3)]
  7664 | D:8      | Found a basalt altar of Yredelemnul.
  8081 | D:8      | Reached XP level 10. HP: 31/51 MP: 11/11
  8307 | D:8      | Found a hazy altar of Hepliaklqana.
  8797 | D:9      | Reached ** piety under Dithmenos
  8845 | D:9      | Noticed a two-headed ogre
  8864 | D:8      | Slain by a two-headed ogre

Illustrated notes

Levels and vault maps discovered:
D:1:      reono_arrival_mine, layout_basic, chequers_serial_rivers_micro_e
D:2:      layout_loops_ring, serial_bayou_pond_d
D:3:      layout_basic, mainiacjoe_overflow_alcove_4,
          ebering_ghost_disaster_area, nicolae_figureground_sparkle
D:4:      layout_loops_cross, minmay_shop_damaged, minmay_misc_feat_iff,
          uniq_robin, uniq_edmund
D:5:      layout_basic, kennysheep_mini, minmay_temple_entry_mist
D:6:      layout_loops_cross, nemelex_dance_club_becter, uniq_menkaure
D:7:      layout_loops_ring, nicolae_gozag_seed_capital, elyvilon_altar_3,
          lemuel_tele_altar, hellmonk_ghost_happy_afterlife
D:8:      layout_basic, yredelemnul_altar_generic, xom_teletrap_fun,
          mainiacjoe_overflow_brackets
D:9:      layout_irregular_city, kennysheep_mini_moat,
          mainiacjoe_overflow_catwalk, moated_statue, lightli_wizard_tower
Temple:   nicolae_temple_cloud_nine

Skill      XL: |  1  2  3  4  5  6  7  8  9 10 |
---------------+-------------------------------+-----
Long Blades    | 4 5 6 7 |  7.0
Dodging        | 5 7 8 10 | 10.0
Short Blades   | 1 3 5 7 8 |  8.0
Stealth        | 1 3 6 |  6.9
Fighting       | |  2.0
Throwing       | |  2.0

Action                     |  1- 3 |  4- 6 |  7- 9 | 10-12 || total
---------------------------+-------+-------+-------+-------++-------
  Melee: Long sword        |    70 |    65 |       |       ||   135
         Kick              |    19 |    42 |   226 |    13 ||   300
         Peck              |     6 |    24 |   125 |     6 ||   161
         Demon blade       |       |    38 |       |       ||    38
         Quick blade       |       |    37 |   579 |    27 ||   643
  Throw: Throwing net      |       |     5 |     3 |       ||     8
         Javelin           |       |       |     1 |       ||     1
  Evoke: Wand              |       |       |     4 |     7 ||    11
    Use: Scroll            |     2 |     4 |     5 |       ||    11
   Stab: Sleeping          |     1 |     2 |    10 |     3 ||    16
         Held in net/web   |       |     3 |       |       ||     3
 Armour: Leather armour    |    32 |    44 |    81 |     4 ||   161
  Dodge: Dodged            |    46 |    92 |   231 |    24 ||   393

Table legend: (Time is in decaauts)
 A = Elapsed time spent in this place.
 B = Non-inter-level travel time spent in this place.
 C = Inter-level travel time spent in this place.
 D = Time resting spent in this place.
 E = Time spent auto-exploring this place.
 F = Levels seen in this place.
 G = Mean time per level.
                   A        B        C        D        E       F      G
               +--------+--------+--------+--------+--------+-----+--------+
         Total |   8838 |   8466 |    372 |      5 |   7011 |  10 |  883.8 |
       Dungeon |   8799 |   8432 |    367 |      5 |   7011 |   9 |  977.7 |
        Temple |     38 |     33 |      5 |      0 |      0 |   1 |   38.0 |
               +--------+--------+--------+--------+--------+-----+--------+

Top non-repeatable levels by time:
     D:8: 1871 daAuts
     D:5: 1258 daAuts
     D:6: 1208 daAuts
     D:7: 1094 daAuts
     D:4: 1082 daAuts
     D:1: 858 daAuts
     D:3: 711 daAuts
     D:2: 651 daAuts
     D:9: 63 daAuts
  Temple: 38 daAuts
